 Dungeon Crawl Stone Soup version 0.29-a0-925-g0a7a3d12f8 (webtiles) character file.

Game seed: 2617684692345032174

447 ZappyNine the Cutter (level 7, -1/38 HPs)
             Began as a Vine Stalker Fighter on July 28, 2022.
             Was a Follower of Uskayaw.
             Succumbed to an orc's poison
             ... on level 4 of the Dungeon.
             The game lasted 00:03:34 (3458 turns).

ZappyNine the Cutter (Vine Stalker Fighter)         Turns: 3458, Time: 00:03:34

Health: -1/38      AC: 13    Str: 21    XL:     7   Next: 3%
Magic:  8/8        EV:  5    Int: 11    God:    Uskayaw [*.....]
Gold:   232        SH:  4    Dex: 13    Spells: 6/6 levels left

rFire   . . .      SeeInvis .   m - +7 dagger of Ygrats {venom, Int+3}
rCold   . . .      Faith    +   c - +0 buckler
rNeg    . . .      Spirit   +   B - +0 plate armour
rPois   .          Reflect  .   q - +0 helmet
rElec   .          Harm     .   (no cloak)
rCorr   .          Rampage  .   n - +0 pair of gloves
Will    .....                   (no boots)
Stlth   ..........              t - amulet of faith
HPRegen 0.92/turn               (no ring)
MPRegen 0.11/turn               (no ring)

@: lethally poisoned (-1 -> -12)
A: fangs 2, regeneration 1, magic shield, antimagic bite, no potion heal 2
a: Renounce Religion, Stomp


You were on level 4 of the Dungeon.
You worshipped Uskayaw.
Uskayaw was noncommittal.
You visited 1 branch of the dungeon, and saw 5 of its levels.

You collected 232 gold pieces.

Inventory:

Hand Weapons
 a - a +0 rapier
 m - the +7 dagger of Ygrats (weapon) {venom, Int+3}
   (You found it on level 2 of the Dungeon)

   It poisons the flesh of those it strikes.
   Int:       It affects your intelligence (+3).
Armour
 c - a +0 buckler (worn)
 n - a +0 pair of gloves (worn)
 q - a +0 helmet (worn)
 B - a +0 plate armour (worn)
Jewellery
 t - an amulet of faith (around neck)
Scrolls
 e - a scroll of brand weapon {unknown}
 f - a scroll of amnesia {unknown}
 h - 2 scrolls of enchant armour {unknown}
 j - 5 scrolls of identify {unknown}
 k - a scroll of silence {unknown}
 l - 2 scrolls of vulnerability {unknown}
 o - a scroll of fear {unknown}
 p - 2 scrolls of teleportation {unknown}
 u - 2 scrolls of immolation {unknown}
 v - a scroll of blinking {unknown}
 w - a scroll of poison {unknown}
 y - a scroll of enchant weapon {unknown}
 A - a scroll of fog {unknown}
Potions
 b - a potion of attraction {unknown}
 d - a potion of might
 g - a potion of ambrosia {unknown}
 i - 2 potions of cancellation {unknown}
 r - a potion of curing {unknown}
 s - a potion of resistance {unknown}
 x - a potion of mutation {unknown}
 z - a potion of haste {unknown}


   Skills:
 + Level 4.4 Fighting
 * Level 5.3 Short Blades
 + Level 2.9 Armour
 - Level 2.6 Shields


You had 6 spell levels left.
You didn't know any spells.
Your spell library contained the following spells:

 Spells                   Type           Power      Damage    Failure   Level
 Necrotise                Necr           0%         1d4       100%        1
 Sandblast                Erth           0%         2d4       100%        1
 Sting                    Tmut/Pois      0%         1d3       100%        1
 Passwall                 Tmut/Erth      0%         N/A       100%        2
 Poisonous Vapours        Pois/Air       0%         N/A       100%        2
 Stone Arrow              Conj/Erth      0%         3d7       100%        3
 Vampiric Draining        Necr           0%         2d6       100%        3
 Olgreb's Toxic Radiance  Pois           0%         N/A       100%        4
 Agony                    Necr           0%         N/A       100%        5
 Chain Lightning          Conj/Air       0%         N/A       100%        9
 Fire Storm               Conj/Fire      0%         5d1       100%        9
 Shatter                  Erth           0%         3d5*      100%        9


Dungeon Overview and Level Annotations

Branches:
Dungeon (5/15)
 Temple: D:4-7

Altars:
Dithmenos
Ru
Sif Muna
Uskayaw

Shops:
D:1 =

Annotations:
D:4 1 runed translucent door, IndoAryan's ghost, amateur HuBe


Innate Abilities, Weirdness & Mutations

You have extremely sharp teeth.
Your natural rate of healing is unusually fast.
When hurt, damage is shared between your health and your magic reserves.
Your bite disrupts and absorbs the magic of your enemies.
Potions cannot restore your health.


Message History

You feel very sick.
You have reached level 7!
Unknown command.
The orc attacks as you move away! The orc hits you but does no damage.
You are more poisoned.
You feel very sick. The white imp gestures at you. The puff of frost hits you.
An orc wizard comes into view. It is wielding a +0 dagger.
You feel very sick.
The orc wizard gestures at you while chanting.
The puff of flame hits you.
* * * LOW HITPOINT WARNING * * *
You feel very sick.
You feel very sick.
An orc comes into view. It is wielding a +0 dagger.
The white imp summons a swarm of flies.
There is a stone staircase leading up here.
Unknown command.
You feel very sick.
The orc shouts!
You block the orc's attack.
You climb upwards.
Level annotation: 1 runed translucent door, IndoAryan's ghost, amateur HuBe You feel sick.
There is a stone staircase leading down here.
Unknown command.
You barely miss the orc. Your bite misses the orc.
You feel sick. You block the orc's attack.
You closely miss the orc.
You feel sick. The orc hits you but does no damage.
You are lethally poisoned!
You can no longer pass through a line of other dancers.
You closely miss the orc. You bite the orc. You drain its power.
You feel invigorated.
The orc is severely wounded.
* * * LOW HITPOINT WARNING * * *
You feel sick. The orc hits you but does no damage.
You are more poisoned.
You hit the orc.
You kill the orc!
You die...

#.#...#.................
#.#.........#######.....
#.###.#.###.# #..... #.#
#...# #.# #..... #.#
##..# #.# ##'### #.#
#..# #.### #.# # #.#
##.# #...# ##.###
#.#####.# ###.#####.....
#.....)@# #...........
######### #######..###
#..... ##.### #....
#####


There were no monsters in sight!

Vanquished Creatures
  An ice beast (D:3)
  A phantom (D:4)
  A hound (D:4)
  An orc priest (D:4)
  2 iguanas (D:4)
  2 orc wizards
  Robin (D:2)
  3 adders
  A worm (D:4)
  A dart slug (D:4)
  7 orcs
  9 ball pythons
  A bat (D:1)
  7 endoplasms
  2 giant cockroaches
  13 goblins
  9 hobgoblins
  4 kobolds
  4 quokkas
  3 frilled lizards
  3 rats
76 creatures vanquished.

Vanquished Creatures (others)
  2 orcs (D:5)
  6 fungi (D:4)
  4 toadstools (D:4)
  2 withered plants (D:4)
14 creatures vanquished.

Grand Total: 90 creatures vanquished

Notes
Turn   | Place    | Note
-------+----------+-------------------------------------------
     0 | D:1      | ZappyNine the Vine Stalker Fighter began the quest for the
                  | Orb.
     0 | D:1      | Reached XP level 1. HP: 11/11 MP: 2/2
   202 | D:1      | Reached skill level 2 in Short Blades
   234 | D:1      | Found Ymaser's Jewellery Boutique.
   285 | D:1      | Reached XP level 2. HP: 16/16 MP: 3/3
   771 | D:1      | Reached XP level 3. HP: 20/20 MP: 4/4
   866 | D:2      | Found a sacrificial altar of Ru.
   965 | D:2      | Identified the +7 dagger of Ygrats {venom, Int+3}
  1030 | D:2      | Reached skill level 3 in Short Blades
  1058 | D:2      | Noticed Robin
  1071 | D:2      | Killed Robin
  1072 | D:2      | Gained mutation: Your natural rate of healing is unusually
                  | fast. [Vine Stalker growth]
  1072 | D:2      | Reached XP level 4. HP: 10/24 MP: 2/5
  1599 | D:3      | Found a faded altar of an unknown god.
  1687 | D:3      | Noticed an ice beast
  1697 | D:3      | Killed an ice beast
  1698 | D:3      | Reached skill level 4 in Short Blades
  1698 | D:3      | Reached XP level 5. HP: 20/29 MP: 3/6
  1730 | D:3      | Found a shadowy altar of Dithmenos.
  2112 | D:3      | Found a shimmering blue altar of Sif Muna.
  2531 | D:4      | Reached XP level 6. HP: 32/33 MP: 7/7
  2585 | D:4      | Found the +8 trident of the Octopus King {venom, rElec
                  | rPois}
  2747 | D:4      | Found a hide-covered altar of Uskayaw.
  2910 | D:4      | Found a runed translucent door.
  2910 | D:4      | Noticed IndoAryan's ghost (amateur HuBe)
  2982 | D:4      | Reached skill level 5 in Short Blades
  3148 | D:4      | Became a worshipper of Uskayaw the Reveller
  3193 | D:4      | Reached * piety under Uskayaw
  3197 | D:4      | Reached ** piety under Uskayaw
  3439 | D:5      | Entered Level 5 of the Dungeon
  3440 | D:5      | Noticed an orc warrior
  3449 | D:5      | Reached XP level 7. HP: 29/38 MP: 6/8
  3458 | D:4      | Succumbed to an orc's poison

Illustrated notes

Levels and vault maps discovered:
D:1:      dpeg_arrival_radiant, layout_loops_ring, serial_shops,
          nicolae_shop_behind_doors
D:2:      layout_loops_ring, basic_altar, uniq_robin
D:3:      layout_loops_corners, lemuel_blue_sif_altar, old_standard_altar,
          nicolae_ecumenical_snake_handling, kennysheep_cross_room
D:4:      layout_basic, mainiacjoe_overflow_surrounded_room,
          gammafunk_ghost_grave, minmay_gold_behind_fungi,
          corexii_item_surrounded_by_moat
D:5:      layout_rooms, grunt_temple_overflow_holy_war,
          nicolae_overflow_squiral, grunt_ministairs_10

Skill      XL: |  1  2  3  4  5  6 |
---------------+-------------------+-----
Short Blades   | 2 3 4 5 |  5.3
Fighting       | 3 4 |  4.4
Armour         | |  2.9
Shields        | |  2.6

Action                   |  1- 3 |  4- 6 |  7- 9 || total
-------------------------+-------+-------+-------++-------
Melee: Rapier            |    63 |       |       ||    63
       Bite              |    18 |    28 |     1 ||    47
       Dagger            |    20 |   108 |     4 ||   132
Armor: Scale mail        |    38 |    27 |       ||    65
       Plate armour      |       |    10 |     3 ||    13
Dodge: Dodged            |    28 |    31 |       ||    59
Block: Buckler           |    18 |    18 |     2 ||    38

Table legend: (Time is in decaauts)
 A = Elapsed time spent in this place.
 B = Non-inter-level travel time spent in this place.
 C = Inter-level travel time spent in this place.
 D = Time resting spent in this place.
 E = Time spent auto-exploring this place.
 F = Levels seen in this place.
 G = Mean time per level.
                   A        B        C        D        E       F      G
               +--------+--------+--------+--------+--------+-----+--------+
         Total |   3444 |   3170 |    274 |      5 |   2691 |   5 |  688.8 |
       Dungeon |   3444 |   3170 |    274 |      5 |   2691 |   5 |  688.8 |
               +--------+--------+--------+--------+--------+-----+--------+

Top non-repeatable levels by time:
     D:4: 983 daAuts
     D:3: 910 daAuts
     D:1: 860 daAuts
     D:2: 677 daAuts
     D:5: 13 daAuts
